Map: 16-Bit LE

Players

Dweric - Winner!

  • Race: Terran Terran
  • League: Bronze
  • Spawn Location: 1:00

A.I. 1 (Very Easy)

  • Race: Zerg Zerg
  • Spawn Location: 7:00

VOD

Have the link to the VOD?

Description

Time

  • Played on: Dec. 17, 2018, 3:37 p.m.
  • Length: 6:30
Show
View Real Time Build Order
Export as new Build Order

Dweric Terran - Winner!

Build Orders:  

Get SALT Encoding   

  12  0:01  SCV  
  13  0:13  SCV  
  14  0:18  Supply Depot  
  14  0:25  SCV  
  15  0:30  Refinery  
  15  0:43  Barracks  
  15  0:45  SCV  
  16  0:58  SCV  
  17  1:10  Supply Depot, SCV  
  18  1:22  SCV  
  19  1:25  Refinery  
  19  1:32  Factory  
  19  1:35  SCV  
  20  1:48  Orbital Command  
  20  2:19  Command Center  
  19  2:31  Starport  
  19  2:35  SCV  
  20  2:38  Marine  
  21  2:47  SCV  
  22  2:51  Widow Mine  
  22  2:56  Marine  
  25  2:59  SCV  
  26  3:15  Fusion Core  
  26  3:22  SCV  
  27  3:32  SCV  
  28  3:34  SCV  
  28  3:36  Starport Tech Lab  
  28  3:40  Supply Depot  
  29  3:45  SCV  
  29  3:46  Refinery  
  29  3:47  SCV  
  31  3:49  Factory Tech Lab  
  31  4:02  Battlecruiser  
  37  4:04  SCV  
  37  4:07  SCV  
  39  4:14  Supply Depot  
  39  4:16  SCV  
  40  4:19  SCV  
  40  4:23  Refinery  
  41  4:31  SCV, Starport  
  41  4:34  SCV  
  43  4:43  SCV  
  44  4:46  SCV  
  45  4:57  SCV  
  45  4:59  SCV  
  53  5:07  Battlecruiser  
  53  5:08  Starport Tech Lab  
  53  5:12  Armory  
  53  5:13  SCV  
  54  5:17  SCV  
  54  5:19  Factory Tech Lab  
  55  5:30  Supply Depot, SCV  
  62  5:52  SCV x2  
  62  5:54  Supply Depot  
  67  6:17  Supply Depot  
Show
View Real Time Build Order
Export as new Build Order

A.I. 1 (Very Easy) Zerg 

Build Orders: Pool Only 

Get SALT Encoding   

  12  0:00  Drone  
  13  0:12  Overlord  
  13  0:18  Drone  
  14  0:36  Spawning Pool  
  14  0:38  Extractor  
  14  0:40  Drone  
  13  0:48  Drone  
  14  0:54  Overlord  
  14  1:24  Zergling x2, Queen  
  17  1:33  Roach Warren  
  17  1:36  Drone  
  17  1:42  Extractor  
  17  1:46  Drone  
  17  1:51  Zergling x2  
  18  2:04  Drone  
  19  2:11  Drone  
  20  2:17  Zergling x2  
  20  2:19  Drone  
  22  2:30  Overlord  
  22  2:34  Drone  
  23  2:41  Drone  
  23  2:44  Roach  
  26  2:48  Drone  
  27  5:40  Zergling x2  
  28  5:43  Queen  
  28  5:45  Drone  
  24  5:52  Drone  
  20  5:59  Drone  
  16  6:06  Drone  
  16  6:09  Roach  
  14  6:13  Drone  
Tags
 
League
Bronze
Matchup
TvZ
Opening
Pool Only
Spawn Locations
Cross Positions
Add a new tag
Caveats
  • Supply blocks, unpowered buildings, or Contaminate may cause inaccurate times.
  • Supply counts are checked every 10 seconds.